 Dungeon Crawl Stone Soup version 0.24.0-13-gcf9b319 (webtiles) character file.

Game seed: 357775338863588042, levelgen mode: deterministic

67 Dharzhak the Insei (level 4, 26/28 HPs)
             Began as an Octopode Transmuter on Dec 12, 2019.
             Quit the game on level 3 of the Dungeon.
             The game lasted 00:07:07 (2596 turns).

Dharzhak the Insei (Octopode Transmuter)            Turns: 2596, Time: 00:07:07

Health: 26/28      AC: -5    Str:  9    XL:     4   Next: 16%
Magic:  7/7        EV: 13    Int: 16    God:
Gold:   69         SH:  0    Dex: 12    Spells: 2/8 levels left

rFire    . . .     SeeInvis .     - Unarmed
rCold    . . .     Gourm    .   (no shield)
rNeg     + . .     Faith    .   (helmet restricted)
rPois    +         Spirit   .   (no amulet)
rElec    .         Reflect  .   f - ring of positive energy
rCorr    .         Harm     .   i - ring of poison resistance
MR       .....                  m - -6 ring of protection (curse)
Stlth    +++.......             (no ring)
HPRegen  0.09/turn              (no ring)
MPRegen  0.10/turn              (no ring)
                                (no ring)
                                (no ring)

@: no status effects
A: almost no armour, stealthy swim, amphibious, 8 rings, constrict 8, camouflage
1, gelatinous body 1
a: no special abilities


You were on level 3 of the Dungeon.
You were not hungry.

You visited 1 branch of the dungeon, and saw 3 of its levels.

You collected 69 gold pieces.

Inventory:

Missiles
 a - 11 arrows
Magical Staves
 l - an uncursed staff of power
Jewellery
 f - a ring of positive energy (left tentacle)
 i - a ring of poison resistance (right tentacle)
 m - a cursed -6 ring of protection (on tentacle)
Scrolls
 d - a scroll of magic mapping
Potions
 h - 2 potions of flight
 j - a potion of resistance
Comestibles
 c - 2 rations


   Skills:
 + Level 1.0 Fighting
 + Level 2.3 Dodging
 + Level 1.2 Stealth
 + Level 3.8 Unarmed Combat
 * Level 2.5 Spellcasting
 * Level 2.5 Transmutations


You had 2 spell levels left.
You knew the following spells:

 Your Spells              Type           Power        Failure   Level  Hunger
a - Beastly Appendage     Tmut           ##....       7%          1    #......
b - Sticks to Snakes      Tmut           ##......     11%         2    ##.....
c - Spider Form           Tmut/Pois      #.........   34%         3    ###....

Your spell library contained the following spells:

 Spells                   Type           Power        Failure   Level  Hunger
 Ice Form                 Ice/Tmut       #.......     75%         4    #####..
 Blade Hands              Tmut           ##........   89%         5    ######.


Dungeon Overview and Level Annotations

Branches:
Dungeon (3/15)

Altars:
Uskayaw

Annotations:
D:2 1 runed translucent door, Crazy Yiuf


Innate Abilities, Weirdness & Mutations

You cannot wear most types of armour.
You are very stealthy in the water. (Stealth+)
You are amphibious.
You can wear up to eight rings at the same time.
You can use your tentacles to constrict eight enemies at once.
Your skin changes colour to match your surroundings (Stealth+).
Your rubbery body absorbs attacks. (AC +1, EV +1)


Message History

The bat hits you.
An orc comes into view.
An orc comes into view. It is wielding a +0 trident.
An orc comes into view. It is wielding a +0 hand axe.
An adder, an orc and an orc priest come into view.
You can't go up here!
Unknown command.
Unknown command.
The orc priest shouts!
The adder hisses angrily.
The orc shouts!
You hear an angry hiss. x2
The bat completely misses you.
A frilled lizard comes into view.
The orc moves out of view.
The bat hits you.
A frilled lizard comes into view.
The bat closely misses you.
A goblin comes into view. It is wielding a +0 dagger.
Okay, then.
Okay, then.
Are you sure you want to abandon this character and quit the game? (Confirm with "yes".) ######### ### #.. . o.###.# oo.....

#######.o..#.g
#......b...l..
#......o..l#
#....S@#......
######## ###l.


You could see an orc priest, an adder, 4 orcs, a goblin (wandering), a bat and 2
frilled lizards.

Vanquished Creatures
  An ooze (D:2)
  6 dart slugs
  4 leopard geckos
  A giant cockroach (D:1)
  5 goblins (D:2)
  6 hobgoblins
  2 jackals (D:2)
  3 kobolds
  3 ball pythons (D:2)
  4 bats
  8 frilled lizards
  6 rats
49 creatures vanquished.

Notes
Turn   | Place    | Note
-------+----------+-------------------------------------------
     0 | D:1      | Dharzhak the Octopode Transmuter began the quest for the
                  | Orb.
     0 | D:1      | Reached XP level 1. HP: 13/13 MP: 3/3
   252 | D:1      | Reached XP level 2. HP: 18/18 MP: 3/5
   256 | D:1      | Learned a level 2 spell: Sticks to Snakes
   677 | D:1      | Reached XP level 3. HP: 23/23 MP: 4/6
   877 | D:1      | Learned a level 3 spell: Spider Form
  1537 | D:2      | Found a faded altar of an unknown god.
  1668 | D:2      | Reached skill level 1 in Stealth
  1760 | D:2      | Reached XP level 4. HP: 28/28 MP: 5/7
  1960 | D:2      | Found a hide-covered altar of Uskayaw.
  2006 | D:2      | Found a runed translucent door.
  2007 | D:2      | Noticed Crazy Yiuf
  2596 | D:3      | Quit the game

Levels and vault maps discovered:
D:1:      sevenhm_arrival_forest_fort_large_3, layout_loops_ring,
          minmay_tetromino_s4
D:2:      layout_loops_ring, old_standard_altar,
          chequers_ecumenical_altar_simple, uniq_crazy_yiuf_cottage
D:3:      layout_rooms, marbit_many_paths, first_ration, st_stairs_4

Skill      XL: |  1  2  3 |
---------------+----------+-----
Stealth        | 1 |  1.2
Fighting       | |  1.0
Dodging        | |  2.3
Unarmed Combat | |  3.8
Spellcasting   | |  2.5
Transmutations | |  2.5

Action                   |  1- 3 |  4- 6 || total
-------------------------+-------+-------++-------
Melee: Unarmed           |    76 |    13 ||    89
       Constrict         |    28 |     2 ||    30
       Kick              |    13 |     2 ||    15
       Tentacles         |    10 |     1 ||    11
       Punch             |     2 |       ||     2
 Cast: Beastly Appendage |    21 |     6 ||    27
       Sticks to Snakes  |     1 |       ||     1
  Use: Scroll            |     5 |       ||     5
 Stab: Sleeping          |     5 |     3 ||     8
  Eat: Chunk             |     3 |     1 ||     4
       Ration            |       |     1 ||     1
Armor: Skin              |     8 |       ||     8
Dodge: Dodged            |    46 |     8 ||    54
